Map: King's Cove LE

Players

iPlayDefense - Winner!

  • Race: Terran Terran
  • League: Silver
  • Spawn Location: 5:00

VOD

Have the link to the VOD?

Description

Time

  • Played on: April 16, 2025, 6:48 p.m.
  • Length: 15:53
Show
View Real Time Build Order
Export as new Build Order

iPlayDefense Terran - Winner!

Build Orders:  

Get SALT Encoding   

  12  0:04  SCV  
  13  0:28  Supply Depot  
  13  0:33  SCV  
  6  0:50  SCV  
  15  1:06  SCV, Barracks  
  16  1:23  SCV, Refinery  
  17  1:40  SCV  
  18  2:19  Orbital Command  
  18  2:28  Command Center  
  18  2:48  Barracks Reactor  
  18  2:59  Bunker  
  18  3:07  SCV  
  19  3:24  SCV  
  19  3:28  Barracks  
  20  3:30  Barracks  
  20  3:47  Marine x2  
  22  4:09  Orbital Command  
  22  4:12  Marine x2  
  22  4:13  SCV  
  25  4:24  Supply Depot  
  25  4:30  SCV  
  25  4:38  Barracks Tech Lab  
  26  4:42  Barracks Tech Lab  
  26  4:47  SCV  
  27  4:55  Supply Depot  
  27  5:02  Supply Depot  
  27  5:04  SCV  
  27  5:07  Refinery  
  28  5:14  SCV  
  28  5:17  Marine  
  30  5:21  SCV  
  30  5:26  Supply Depot  
  30  5:29  Stimpack  
  31  5:31  SCV  
  31  5:38  SCV  
  33  5:48  SCV  
  34  5:55  SCV  
  34  5:58  Unknown  
  35  6:15  Factory  
  35  6:34  SCV x2  
  35  6:37  Marine x4  
  41  6:45  Supply Depot  
  41  6:51  SCV x2  
  41  6:52  Supply Depot  
  43  7:02  Marauder x2  
  43  7:08  SCV x2  
  49  7:16  Bunker  
  49  7:17  Supply Depot  
  49  7:18  Factory Reactor  
  49  7:19  Factory Tech Lab  
  49  8:07  SCV x2  
  51  8:11  Marine x4  
  51  8:14  Siege Tank  
  58  8:24  SCV x2  
  60  8:36  Marauder x2  
  60  8:40  SCV  
  60  8:41  SCV  
  60  8:59  Siege Tank  
  58  9:34  Command Center  
  58  9:35  SCV x2  
  58  9:37  Marine  
  58  9:38  Marine x3  
  64  9:44  Siege Tank  
  64  9:48  Supply Depot  
  67  9:52  Supply Depot, SCV x2  
  69  10:09  SCV  
  70  10:18  SCV, Marauder x2  
  75  10:29  Siege Tank  
  78  10:45  Refinery  
  78  10:48  Refinery  
  78  10:59  Starport  
  78  11:10  SCV x2  
  78  11:12  Marine x2  
  78  11:13  Marine x2  
  78  11:15  Siege Tank  
  87  11:20  Orbital Command  
  87  11:27  SCV x2  
  89  11:32  Supply Depot  
  89  11:37  Marauder  
  89  11:38  Marauder  
  93  11:44  SCV x2  
  95  12:04  Supply Depot  
  95  12:36  Supply Depot  
  95  12:37  SCV x2  
  95  12:38  SCV  
  98  12:40  Marine  
  98  12:41  Marauder x2  
  98  12:43  Siege Tank  
  106  12:53  Siege Tank x3  
  106  12:54  SCV x3, Starport Reactor  
  109  13:08  Supply Depot  
  102  13:28  Siege Tank  
  105  13:40  Supply Depot  
  105  14:13  Supply Depot, Siege Tank  
  106  14:40  Siege Tank  
  106  14:41  Siege Tank x2  
  106  14:46  Supply Depot  
  106  14:58  Siege Tank  
Tags
 
League
Silver
Matchup
Co-op
Replay Pack
DaveSC2
Add a new tag
Caveats
  • Supply blocks, unpowered buildings, or Contaminate may cause inaccurate times.
  • Supply counts are checked every 10 seconds.